 Dungeon Crawl Stone Soup version 0.26-a0-611-g354ed81502 (webtiles) character file.

Game seed: 9417368532220840644

4 Descartes the Sneak (level 1, -1/10 HPs)
             Began as a Felid Delver on Sept 5, 2020.
             Slain by a kobold
             ... wielding a +0 short sword
              (4 damage)
             ... on level 1 of the Dungeon.
             The game lasted 00:01:26 (287 turns).

Descartes the Sneak (Felid Delver)                   Turns: 287, Time: 00:01:27

Health: -1/10      AC:  1    Str:  8    XL:     1   Next: 58%
Magic:  2/2        EV: 18    Int: 11    God:
Gold:   5          SH:  0    Dex: 17    Spells: 0/0 levels left
                                        Lives:  0   Deaths: 0

rFire    . . .     SeeInvis +     - Unarmed
rCold    . . .     Faith    .   (shield unavailable)
rNeg     . . .     Spirit   .   (armour unavailable)
rPois    .         Reflect  .   (helmet unavailable)
rElec    .         Harm     .   (cloak unavailable)
rCorr    .                      (gloves unavailable)
MR       .....                  (boots unavailable)
Stlth    ++++......             (no amulet)
HPRegen  0.03/turn              (no ring)
MPRegen  0.08/turn              (no ring)

@: quick
A: very small, no armour, no weapons or thrown items, stealth, claws 1, fangs 3,
see invisible, speed 1, shaggy fur 1, sharp paws
a: no special abilities


You were on level 1 of the Dungeon.
You visited 1 branch of the dungeon, and saw 5 of its levels.

You collected 5 gold pieces.

Inventory:

Missiles
 k - 12 arrows
Wands
 e - a wand of digging (3)
Scrolls
 a - a scroll of fog
 b - a scroll of magic mapping
 c - 2 scrolls of fear
 f - a scroll of teleportation {unknown}
 g - a scroll of noise {unknown}
 j - a scroll of identify {unknown}
Potions
 d - a potion of haste
 h - a potion of stabbing {unknown}
 i - a potion of berserk rage {unknown}


   Skills:
 - Level 3.0 Fighting
 - Level 2.6 Dodging
 + Level 7.0 Stealth
 - Level 2.0 Unarmed Combat


You couldn't memorise any spells.
You didn't know any spells.
Your spell library was empty.

Dungeon Overview and Level Annotations

Branches:
Dungeon (5/15)
 Temple: D:4-7

Altars:


Innate Abilities, Weirdness & Mutations

You cannot wear armour.
You are incapable of wielding weapons or throwing items.
Your paws allow you to move quietly. (Stealth)
You have sharp claws.
You have razor-sharp teeth.
You have supernaturally acute eyesight. (SInv)
You cover ground quickly.
You are covered in fur. (AC +1)
Your sharp claws are effective at attacking unaware monsters.


Message History

The hobgoblin misses you.
You scratch the hobgoblin. Your bite misses the hobgoblin.
The hobgoblin is almost dead.
The hobgoblin closely misses you.
You scratch the hobgoblin but do no damage.
The hobgoblin is almost dead.
The kobold completely misses you.
The hobgoblin hits you but does no damage.
You closely miss the hobgoblin.
The hobgoblin is almost dead.
The kobold hits you with a +0 short sword!
Ouch! That really hurt!
* * * LOW HITPOINT WARNING * * *
The hobgoblin closely misses you.
You are too injured to fight recklessly!
You are too injured to fight recklessly!
You are too injured to fight recklessly!
You are too injured to fight recklessly!
The kobold hits you with a +0 short sword.
You die...

#.... #.#
.###...
.≈.....#.# ##..
.§.(...#.# ##
#.○ §≈.....#)#
#.. #○°
#.!...#.## #...
#☼§
#........##....
#..
#####.)......#
.)[
.............#
......#@...###
...$..K.#..#
......g........
......##.....#.
...... ###....
...... .###
..... # .....
....


You could see a hobgoblin and a kobold.

Vanquished Creatures
  A giant cockroach (D:2)
  A hobgoblin (D:1)
  2 frilled lizards
  A rat (D:1)
5 creatures vanquished.

Notes
Turn   | Place    | Note
-------+----------+-------------------------------------------
     0 | D:5      | Descartes the Felid Delver began the quest for the Orb.
     0 | D:5      | Reached XP level 1. HP: 10/10 MP: 2/2
   278 | D:1      | Reached skill level 7 in Stealth
   287 | D:1      | Slain by a kobold

Illustrated notes

Levels and vault maps discovered:
D:1:      dpeg_arrival_rooms_with_view, layout_rooms, lemuel_flame_loot_1
D:2:      layout_loops_cross, serial_rivers, chequers_serial_rivers_micro_d,
          chequers_serial_rivers_room_b, chequers_serial_rivers_large_a,
          chequers_serial_rivers_small_a, chequers_serial_rivers_marsh,
          chequers_serial_rivers_room_b, minmay_misc_feat_roman
D:3:      layout_basic, lemuel_crystal_altar, serial_curves, eino_curves_02,
          eino_curves_04
D:4:      layout_rooms, serial_shops, shop
D:5:      layout_cave_pools, chequers_temple_overflow_statue_of_worship,
          vehumet_crystals, basic_altar, uniq_grinder

Skill      XL: |  1 |
---------------+----+-----
Stealth        | 7 |  7.0
Fighting       | |  3.0
Dodging        | |  2.6
Unarmed Combat | |  2.0

Action                   || total
-------------------------++-------
Melee: Unarmed           ||    11
       Bite              ||     1
 Stab: Sleeping          ||     4
Dodge: Dodged            ||     6

Table legend: (Time is in decaauts)
 A = Elapsed time spent in this place.
 B = Non-inter-level travel time spent in this place.
 C = Inter-level travel time spent in this place.
 D = Time resting spent in this place.
 E = Time spent auto-exploring this place.
 F = Levels seen in this place.
 G = Mean time per level.
                   A        B        C        D        E       F      G
               +--------+--------+--------+--------+--------+-----+--------+
         Total |    238 |    238 |      0 |      0 |    106 |   5 |   47.6 |
       Dungeon |    238 |    238 |      0 |      0 |    106 |   5 |   47.6 |
               +--------+--------+--------+--------+--------+-----+--------+

Top non-repeatable levels by time:
     D:3: 72 daAuts
     D:2: 70 daAuts
     D:1: 60 daAuts
     D:4: 31 daAuts
     D:5: 4 daAuts
